Map: Shrines of Lizul

Players

MonstroTown

  • Race: Terran Terran
  • Spawn Location: 3:00

Michael

  • Race: Zerg Zerg
  • Spawn Location: 12:00

TerranYouUp - Winner!

  • Race: Terran Terran
  • League: Gold
  • Spawn Location: 6:00

EMPTYCHAOS - Winner!

  • Race: Terran Terran
  • Spawn Location: 9:00

VOD

Have the link to the VOD?

Description

Time

  • Played on: Aug. 31, 2018, 11:05 p.m.
  • Length: 8:05
Show
View Real Time Build Order
Export as new Build Order

MonstroTown Terran 

Build Orders: Reaper Expand 

Get SALT Encoding   

  12  0:00  SCV  
  13  0:13  SCV  
  14  0:18  Supply Depot  
  14  0:25  SCV  
  15  0:40  SCV  
  15  0:41  Barracks  
  16  0:47  Refinery  
  16  0:52  SCV  
  17  1:04  SCV  
  18  1:16  SCV  
  19  1:29  Reaper  
  19  1:30  Orbital Command  
  20  1:49  Command Center  
  20  1:56  Supply Depot  
  20  1:59  SCV  
  21  2:11  SCV  
  22  2:18  Barracks Reactor  
  21  2:24  Barracks  
  21  2:30  SCV  
  22  2:45  SCV  
  23  2:57  Factory  
  23  2:58  Engineering Bay  
  23  3:00  Engineering Bay, Barracks, Refinery  
  23  3:11  Marine x2  
  25  3:13  Barracks Tech Lab  
  25  3:22  Orbital Command  
  25  3:28  Terran Infantry Weapons Level 1  
  25  3:31  Marine  
  26  3:38  Marine  
  26  3:39  Bunker  
  27  3:44  Stimpack  
  27  3:53  Missile Turret  
  27  3:55  SCV x2  
  29  4:03  Barracks Reactor, Factory Tech Lab  
  29  4:05  Marine  
  30  4:13  Marine  
  31  4:18  SCV  
  31  4:21  SCV  
  33  4:25  Refinery  
  33  4:26  Siege Tank  
  36  4:33  Marine x2  
  36  4:37  SCV x2  
  40  4:48  Marine x2  
  40  4:51  Marauder  
  44  4:59  Marine x2  
  46  5:05  Supply Depot  
  46  5:12  Supply Depot  
  46  5:23  Siege Tank  
  38  5:35  Marine x3  
  32  5:36  Marine x2  
  30  5:50  SCV  
  30  5:52  SCV  
  30  5:53  Marine x3  
  30  5:54  Terran Infantry Armor Level 1  
  35  6:02  SCV  
  34  6:08  Siege Tank  
  34  6:11  Marine x3  
  32  6:12  Marine  
  30  6:29  Marine  
  14  7:28  Marine x2  
  14  7:29  Marine  
  17  7:46  Marine x3  
Show
View Real Time Build Order
Export as new Build Order

Michael Zerg 

Build Orders: Hatch First 

Get SALT Encoding   

  12  0:01  Drone  
  13  0:13  Overlord  
  13  0:18  Drone  
  14  0:31  Drone x2  
  14  0:35  Drone  
  17  0:45  Drone  
  18  1:01  Drone  
  18  1:02  Hatchery  
  18  1:08  Extractor, Drone  
  18  1:21  Spawning Pool  
  18  1:23  Drone  
  18  1:28  Drone  
  19  1:39  Drone  
  20  1:49  Overlord  
  20  2:07  Queen  
  22  2:11  Metabolic Boost  
  22  2:14  Queen  
  24  2:16  Zergling x6  
  27  2:23  Drone  
  27  2:25  Drone  
  29  2:32  Drone  
  29  2:36  Drone  
  30  2:43  Drone  
  31  2:53  Queen  
  31  2:54  Queen  
  35  3:02  Extractor  
  35  3:04  Evolution Chamber  
  33  3:12  Overlord x2  
  33  3:29  Drone  
  33  3:30  Drone x2  
  33  3:32  Zerg Ground Armor Level 1  
  36  3:43  Lair  
  36  3:47  Spore Crawler  
  35  3:52  Spore Crawler  
  34  3:56  Roach Warren  
  34  4:00  Drone x2  
  35  4:04  Drone  
  36  4:14  Spore Crawler  
  36  4:16  Spore Crawler  
  34  4:17  Drone  
  34  4:20  Drone  
  34  4:24  Drone  
  37  4:27  Drone  
  38  4:40  Spore Crawler  
  38  4:41  Drone x2  
  38  4:42  Drone  
  40  4:52  Spine Crawler  
  39  4:57  Spine Crawler  
  39  4:58  Drone  
  39  5:02  Drone  
  40  5:10  Spine Crawler  
  39  5:18  Zergling x2, Spine Crawler  
  39  5:20  Zergling x2  
  40  5:24  Zergling x2  
  40  5:26  Zergling x2  
  42  5:29  Zergling x2  
  42  5:32  Zergling x2  
  42  5:35  Zergling x2  
  45  5:39  Zergling x2  
  43  5:52  Zergling x8  
  42  5:59  Zergling x6  
  42  6:02  Zergling x2  
  44  6:06  Zergling x2  
  44  6:15  Zergling x2  
  44  6:16  Zergling x4  
  46  6:24  Zergling x6  
  46  6:29  Zergling x2  
  47  6:35  Zergling x2  
  48  6:50  Zergling x8  
  48  6:52  Overlord x3  
  48  7:34  Drone x9  
  51  7:49  Hatchery  
Show
View Real Time Build Order
Export as new Build Order

TerranYouUp Terran - Winner!

Build Orders:  

Get SALT Encoding   

  12  0:03  SCV  
  13  0:15  Supply Depot  
  13  0:24  SCV  
  13  0:27  Refinery  
  14  0:36  SCV  
  15  0:45  Barracks  
  15  0:53  SCV  
  16  0:58  Refinery  
  16  1:05  SCV  
  17  1:15  Supply Depot  
  17  1:21  SCV  
  18  1:33  SCV  
  18  1:39  Barracks Reactor  
  19  1:48  Factory  
  19  1:55  SCV  
  20  2:09  Orbital Command  
  20  2:16  Marine x2  
  22  2:34  Factory Tech Lab  
  20  2:43  SCV  
  21  2:52  Starport  
  21  3:02  Siege Tank  
  21  3:04  Marine  
  25  3:09  SCV  
  26  3:21  SCV  
  26  3:23  Marine  
  28  3:31  Medivac  
  30  3:39  Supply Depot  
  30  3:42  Marine  
  31  4:00  Siege Tank, SCV, Marine  
  31  4:02  Medivac  
  38  4:04  Supply Depot  
  38  4:08  Supply Depot, Marine  
  39  4:22  Liberator  
  39  4:26  SCV, Marine x2  
  42  4:42  Supply Depot  
  42  4:44  Marine  
  46  4:46  Siege Tank  
  49  5:03  Engineering Bay  
  49  5:04  Marine x2  
  45  5:50  Liberator  
  45  6:00  Marine x2  
  42  6:06  Command Center  
  43  6:17  Missile Turret  
  43  6:18  SCV, Marine x2  
  46  6:30  SCV  
  47  6:36  Marine x2  
  46  6:54  Marine  
  47  7:29  Starport Reactor  
  44  7:30  Siege Tank  
  44  7:32  Marine x2  
  44  7:34  SCV  
  50  7:39  Supply Depot  
  50  7:42  Factory  
  50  7:46  SCV  
  50  7:47  Barracks  
  50  7:48  Armory, Barracks  
  51  7:53  Command Center  
Show
View Real Time Build Order
Export as new Build Order

EMPTYCHAOS Terran - Winner!

Build Orders:  

Get SALT Encoding   

  12  0:02  SCV  
  13  0:14  SCV  
  14  0:18  Supply Depot  
  14  0:26  SCV  
  15  0:40  SCV  
  15  0:41  Barracks  
  16  0:52  SCV, Refinery  
  17  1:04  SCV  
  18  1:16  SCV  
  19  1:28  SCV, Supply Depot, Marine  
  21  1:40  Orbital Command  
  21  1:53  Barracks Reactor  
  21  2:00  Refinery  
  21  2:04  Barracks  
  21  2:30  Marine x2  
  21  2:36  Factory  
  23  2:46  SCV  
  23  2:50  Supply Depot  
  24  2:53  Barracks Tech Lab  
  24  2:58  SCV  
  25  2:59  Engineering Bay  
  25  3:10  SCV  
  26  3:15  Stimpack  
  26  3:16  Marine x3  
  29  3:22  Supply Depot  
  28  3:28  Factory Tech Lab  
  28  3:31  Starport  
  28  3:34  Marine x3  
  29  3:40  Terran Infantry Weapons Level 1  
  31  3:51  Marine x2  
  31  3:53  Siege Tank  
  36  3:57  Marine  
  37  4:03  SCV  
  37  4:04  Supply Depot  
  38  4:11  Starport Reactor  
  38  4:15  Missile Turret, SCV  
  39  4:17  Missile Turret  
  39  4:25  Marine  
  39  4:26  Marine x2  
  42  4:41  Supply Depot  
  42  4:44  Missile Turret  
  42  4:45  Siege Tank  
  45  4:48  Marine  
  46  4:55  Medivac  
  48  5:01  Medivac  
  50  5:39  Marine x2  
  50  5:40  Marine  
  50  5:41  Siege Tank  
  56  5:58  Marauder  
  52  6:22  Marine x3  
  52  6:23  Siege Tank  
  57  6:40  Marauder  
  57  6:49  Marine x2  
  59  6:55  Siege Tank  
  60  7:01  Medivac  
  62  7:05  Marine  
  61  7:23  Marauder  
  63  7:42  Marine  
  63  7:43  Marine  
Tags
 
Add a new tag
Caveats
  • Supply blocks, unpowered buildings, or Contaminate may cause inaccurate times.
  • Supply counts are checked every 10 seconds.